 Dungeon Crawl Stone Soup version 0.13-a0-3104-gb5885e9 (webtiles) character file.

116 Malachi the Skirmisher (level 3, -12/28 HPs)
             Began as a Mummy Chaos Knight on Sept 19, 2013.
             Was a Plaything of Xom.
             Mangled by a blue devil (18 damage)
             ... summoned by Xom
             ... on Level 1 of the Dungeon.
             The game lasted 00:04:16 (9130 turns).

Malachi the Skirmisher (Mummy Chaos Knight)         Turns: 9130, Time: 00:04:16

HP -12/28        AC  5     Str 16      XL: 3   Next: 21%
MP   3/3         EV 10     Int 11      God: Xom
Gold 79          SH  0     Dex 11      Spells:  0 memorised,  2 levels left

Res.Fire  : x . .   See Invis. : .   a - +0 falchion (chaos)
Res.Cold  : + . .   Warding    : .   b - +2 leather armour
Life Prot.: + + +   Conserve   : .   (no shield)
Res.Poison: +       Res.Corr.  : .   (no helmet)
Res.Elec. : .       Clarity    : .   (no cloak)
Sust.Abil.: . .     Spirit.Shd : .   (no gloves)
Res.Mut.  : .       Stasis     : .   (no boots)
Res.Rott. : +       Flight     : .   (no amulet)
Saprovore : . . .                    (no ring)
                                     (no ring)

@: slightly resistant to hostile enchantments, very unstealthy
A: no food or potions, fire vulnerability, restore body, cold resistance 1, life
protection 3, poison resistance, torment resistance, unbreathing
a: Renounce Religion


You were on level 1 of the Dungeon.
You worshipped Xom.
You were a very special plaything of Xom.
You were not hungry.

You visited 1 branch of the dungeon, and saw 2 of its levels.

You collected 59 gold pieces.

Inventory:

Hand weapons
 a - a +0,+0 falchion of chaos (weapon)
 e - a cursed +1,-3 elven dagger (quivered)
Missiles
 f - 14 exploding darts
Armour
 b - a +2 leather armour (worn)


   Skills:
 + Level 3.7 Fighting
 + Level 2.7 Long Blades
 + Level 1.8 Armour
 + Level 0.8 Dodging
 + Level 0.3 Stealth


You had 2 spell levels left.
You didn't know any spells.

Dungeon Overview and Level Annotations

Branches:
Dungeon (2/27)

Altars:


Innate Abilities, Weirdness & Mutations

You do not eat or drink.
Your flesh is vulnerable to fire.
Your flesh is cold resistant.
You are immune to negative energy.
Your system is resistant to poisons.
You are immune to unholy pain and torment.
You can survive without breathing.


Message History

Unknown command.
There are monsters nearby!
The blue devil barely misses you.
You climb upwards.
There is a stone staircase leading down here.
You see here a glowing dagger.
The blue devil hits you but does no damage.
You see here a dwarven short sword.
The blue devil barely misses you.
The blue devil swoops through the air toward you!
The blue devil barely misses you.
You hit the blue devil but do no damage.
Space bends around the blue devil.
The blue devil is heavily wounded.
The blue devil closely misses you.
The blue devil swoops through the air toward you!
The blue devil hits you!
Ouch! That really hurt!
You die...
Xom snickers!

####)..# #.[.......... ###.#
#..........#. #.#
#............
#.####............
#.................
##########.####............
#........).####............
#.....)..................%.
#........)@................
###......)..4###.............
#.........)..###.............
#.........>...[!.............
#........)...................
#.........(..).[.............
###.......(..............####
###.###.######.........# #.#
#)# #.........#


You could see a blue devil.

Vanquished Creatures
  A worker ant (D:2)
  2 giant geckos (D:1)
  A ball python (D:1)
  A giant cockroach (D:1)
  2 goblins (D:1)
  9 hobgoblins (D:1)
  3 bats (D:1)
  5 giant newts (D:1)
  7 kobolds
  3 rats (D:1)
34 creatures vanquished.

Vanquished Creatures (others)
  A centaur (D:1)
  A hobgoblin (D:1)
2 creatures vanquished.

Grand Total: 36 creatures vanquished

Notes
Turn   | Place    | Note
--------------------------------------------------------------
     0 | D:1      | Malachi, the Mummy Chaos Knight, began the quest for the Orb.
     0 | D:1      | Reached XP level 1. HP: 16/16 MP: 1/1
   317 | D:1      | Reached XP level 2. HP: 16/22 MP: 2/2
   489 | D:1      | XOM: potion effect (agility)
  1244 | D:1      | XOM: harmless Hex miscast
  1420 | D:1      | XOM: harmless Necr miscast
  2180 | D:1      | XOM: colour smoke trail
  2235 | D:1      | XOM: god gift: scroll labeled LOUCOKA NYOR
  2820 | D:1      | XOM: harmless Conj miscast
  3255 | D:1      | XOM: silly message
  3509 | D:1      | Reached XP level 3. HP: 24/28 MP: 3/3
  3800 | D:1      | XOM is BORED!
  3800 | D:1      | XOM: medium Erth miscast
  4090 | D:1      | XOM: mild Necr miscast
  4095 | D:1      | XOM: colour smoke trail
  4896 | D:1      | XOM: harmless Summ miscast
  5025 | D:1      | XOM: mild Ice miscast
  5107 | D:1      | XOM: medium Conj miscast
  5641 | D:1      | XOM: mild Chrm miscast
  6484 | D:1      | XOM: silly message
  6624 | D:1      | XOM: summons 2 hostile shadow creatures
  6768 | D:2      | XOM: summons 1 hostile demon
  6769 | D:2      | Noticed a smoke demon
  7069 | D:1      | XOM: harmless Hex miscast
  7464 | D:1      | XOM: mild Tloc miscast
  7795 | D:1      | Killed a centaur
  8092 | D:1      | XOM: colour smoke trail
  8370 | D:1      | XOM: medium Summ miscast
  8812 | D:1      | XOM: severe Conj miscast
  9032 | D:1      | Noticed a soldier ant
  9096 | D:2      | XOM: summons 1 hostile demon
  9097 | D:2      | Noticed a blue devil
  9130 | D:1      | Mangled by a blue devil

Action                   || total
-------------------------++-------
Melee: Falchion          ||    94
  Use: Scroll            ||     3
 Stab: Sleeping          ||     1
